[Event "*** Titled Tuesday Blitz"]
[Site "Chess.com"]
[Date "2020.05.19"]
[Round "4"]
[White "StephenDedalus83"]
[Black "wonderfultime"]
[Result "1-0"]
[WhiteElo "2756"]
[BlackElo "2996"]
[TimeControl "180+1"]
[EndTime "12:40:07 PDT"]
[Termination "StephenDedalus83 won by resignation"]

1. e4 c5 2. Nf3 Nf6 3. Nc3 d5 4. exd5 Nxd5 5. Bb5+ Bd7 6. Bxd7+ Qxd7 7. Nxd5 Qxd5 8. d4 Nc6 9. dxc5 Qxc5 10. O-O g6 11. c3 Bg7 12. Qb3 Qb6 13. Qxb6 axb6 14.
Be3 b5 15. a3 O-O 16. Rad1 Rfd8 17. Bb6 Rxd1 18. Rxd1 h6 19. h3 Kf8 20. Rd7 Rb8 21.
Rd5 Ke8 22. Rxb5 Kd7 23. Rd5+ Ke6 24. Rd2 f5 25. Kf1 g5 26. Ke2 Bf6 27. Ne1 Ne5 28. b3 Ng6 29. Bd4 Nf4+ 30. Kd1 Bxd4 31. Rxd4 Kf6 32. h4 Rc8 33. Kd2 Ne6 34. Rb4 Rd8+ 35.
Kc2 Rd7 36. hxg5+ hxg5 37. Rb6 f4 38. Nd3 Kf5 39. Rxe6 f3 40. Re3 fxg2 41. Rg3 Rd8 42. Rxg2 Rh8 43. Rg3 Rh2 44. Re3 e6 45. Re2 g4 46.
Kd2 Rh1 47. Nc5 Rb1 48. b4 b6 49. Nxe6 Rb2+ 50. Kd3 1-0

[Event "*** Titled Tuesday Blitz"]
[Site "Chess.com"]
[Date "2020.05.19"]
[Round "4"]
[White "alertakobra"]
[Black "vinniethepooh"]
[Result "1-0"]
[WhiteElo "2278"]
[BlackElo "2541"]
[TimeControl "180+1"]
[EndTime "12:40:07 PDT"]
[Termination "alertakobra won by resignation"]

1. d4 Nf6 2. c4 e6 3. Nc3 Bb4 4. Qc2 b6 5. e4 c5 6. d5 Qe7 7. Ne2 exd5 8. exd5 d6 9. Bg5 h6 10. Bh4 O-O 11. O-O-O Re8 12. f3 Ba6 13. Ne4 g5 14. Nxf6+ Qxf6 15. Bf2 Nd7 16. Ng3 Ne5 17. Ne4 Qe7 18. h4 g4 19. h5 f5 20.
Bh4 Qf7 21. Nxd6 Qd7 22. Nxe8 Rxe8 23. Be2 Bc8 24. f4 Nf7 25. Bd3 Nd6 26. a3 Ba5 27.
Be1 Qe7 28. Bxa5 bxa5 29. Qc3 Qe3+ 30. Kb1 Qxf4 31. Qf6 Ne4 32. Qg6+ Kf8 33. Bxe4 Qxe4+ 34. Ka1 Qe3 35. Rhe1 Qxe1 36. Rxe1 Rxe1+ 37. Ka2 Bd7 38. Qxh6+ Ke7 39. Qg7+ Kd8 40. h6 a4 41. h7 1-0

[Event "*** Titled Tuesday Blitz"]
[Site "Chess.com"]
[Date "2020.05.19"]
[Round "4"]
[White "x-3738459472"]
[Black "mrkvoz"]
[Result "1/2-1/2"]
[WhiteElo "2524"]
[BlackElo "2808"]
[TimeControl "180+1"]
[EndTime "12:40:08 PDT"]
[Termination "Game drawn by repetition"]

1. e4 d6 2. d4 Nf6 3. Nc3 e5 4. dxe5 dxe5 5. Qxd8+ Kxd8 6. f4 Nbd7 7. Nf3 Bd6 8. Bc4 Ke7 9. O-O c6 10. a4 a5 11. Rd1 Bc7 12. g3 Nb6 13. Bd3 Bg4 14.
Kf2 Nfd7 15. Be3 f6 16. Rd2 Rad8 17. Rad1 Nc8 18. Be2 Bxf3 19. Bxf3 Bb6 20. Bg4 Bxe3+ 21. Kxe3 Ncb6 22. Bxd7 Rxd7 23. Rxd7+ Nxd7 24. b3 g6 25.
Ne2 h5 26. Nc1 h4 27. Nd3 hxg3 28. hxg3 Rh3 29. Kf3 Rh2 30. Nf2 Nc5 31. fxe5 fxe5 32. Rh1 Rxh1 33. Nxh1 b5 34. axb5 cxb5 35. Nf2 a4 36. bxa4 bxa4 37. Nd1 a3 38. Nc3 Na4 39. Na2 Ke6 40. Ke3 Kf6 41. Kd3 Kg5 42. Kc4 Kg4 43.
Kb5 Nb2 44. Kb4 Kxg3 45. Kxa3 Nc4+ 46. Kb4 Nd2 47. c4 Nxe4 48. c5 Kf3 49. c6 g5 50.
c7 Nd6 51. Kc5 Nc8 52. Kc6 g4 53. Kb7 Ne7 54. Nb4 g3 55. Nd5 Nxd5 56. c8=Q g2 57. Qh3+ Kf2 58. Qh4+ Kf3 59. Qh3+ Kf2 60. Qh4+ Kf3 61.
Qh3+ 1/2-1/2

[Event "*** Titled Tuesday Blitz"]
[Site "Chess.com"]
[Date "2020.05.19"]
[Round "4"]
[White "Ceejay271"]
[Black "grzechu96"]
[Result "0-1"]
[WhiteElo "2397"]
[BlackElo "2585"]
[TimeControl "180+1"]
[EndTime "12:40:08 PDT"]
[Termination "grzechu96 won on time"]

1. d4 d5 2. c4 c6 3. cxd5 cxd5 4. Nc3 Nf6 5. Bf4 Nc6 6. e3 a6 7. Bd3 Bg4 8. f3 Bh5 9. Qb3 Na5 10. Qa4+ Nc6 11. Qb3 Ra7 12. Nge2 e6 13. O-O Be7 14. Rac1 O-O 15. Na4 Nd7 16. Nc5 Nxc5 17. dxc5 Qa5 18. Qb6 Qxb6 19. cxb6 Raa8 20. Bc7 Rfc8 21. Nf4 Bg6 22.
Nxg6 hxg6 23. a3 Bd8 24. Rxc6 bxc6 25. b7 Bxc7 26. bxc8=Q+ Rxc8 27. Bxa6 Rb8 28. Rf2 Rb3 29. Re2 Be5 30. Rc2 Bxb2 31. a4 Bc3 32. Bb7 c5 33. Bc6 c4 34. Bb5 Kf8 35. e4 Ke7 36. exd5 exd5 37.
Kf2 Kd6 38. Ra2 Ba5 39. Kg3 Kc5 40. Rc2 Bc3 41. Kf4 d4 42. Ke4 d3 43. Rc1 f5+ 44. Kf4 Bd2+ 45. Ke5 Bxc1 0-1

[Event "*** Titled Tuesday Blitz"]
[Site "Chess.com"]
[Date "2020.05.19"]
[Round "4"]
[White "BocharovD"]
[Black "Zubrrr"]
[Result "1-0"]
[WhiteElo "2845"]
[BlackElo "2668"]
[TimeControl "180+1"]
[EndTime "12:40:09 PDT"]
[Termination "BocharovD won by resignation"]

1. c4 f5 2. Nf3 Nf6 3. d4 g6 4. e3 Bg7 5. Be2 O-O 6. b4 d6 7.
Bb2 Nbd7 8. Qb3 e6 9. O-O Qe7 10.
Nc3 Re8 11. Rfd1 h6 12. Rac1 g5 13. a4 g4 14. Nh4 Nf8 15. g3 Bd7 16. Qc2 N6h7 17.
d5 Qf7 18. dxe6 Bxe6 19. Nd5 Ng5 20. Nf4 Bxb2 21. Qxb2 Re7 22. Nd5 Bxd5 23. Rxd5 Nh3+ 24. Kf1 f4 25. exf4 Qe6 26. Nf5 Qe4 27. Nxe7+ Kf7 28. f3 gxf3 29. Bd3 Qe3 30. Qg7+ Kxg7 31. Nf5+ 1-0

[Event "*** Titled Tuesday Blitz"]
[Site "Chess.com"]
[Date "2020.05.19"]
[Round "4"]
[White "Tacticusbd"]
[Black "Lucas_Tomiello"]
[Result "1-0"]
[WhiteElo "2405"]
[BlackElo "2185"]
[TimeControl "180+1"]
[EndTime "12:40:09 PDT"]
[Termination "Tacticusbd won by resignation"]

1. e4 c5 2. b3 Nc6 3. Bb2 e5 4. Bb5 d6 5. Bxc6+ bxc6 6. Ne2 Nf6 7. O-O Nxe4 8. f4 Be7 9. fxe5 d5 10. d3 Ng5 11.
Nf4 O-O 12. Nd2 Ne6 13. Nh5 Bg5 14. Nf3 Be3+ 15. Kh1 Nf4 16. Qe1 Nxh5 17. Qxe3 d4 18. Qe4 f5 19. Qxc6 Qe7 20. Ba3 Bb7 21. Qxc5 Qxc5 22.
Bxc5 Rfc8 23. b4 a5 24. a3 Nf4 25. Nxd4 Bxg2+ 26. Kg1 Bxf1 27. Rxf1 Nd5 28. c4 axb4 29. axb4 Ne3 30. Rf3 Ra1+ 31. Kf2 Ng4+ 32. Kg3 Nxe5 33. Re3 Ng6 34. Nxf5 h5 35. Re6 Kh7 36. Rxg6 Rg1+ 37. Bxg1 1-0

[Event "*** Titled Tuesday Blitz"]
[Site "Chess.com"]
[Date "2020.05.19"]
[Round "4"]
[White "Hikaru"]
[Black "Igrok3069"]
[Result "1-0"]
[WhiteElo "3189"]
[BlackElo "2765"]
[TimeControl "180+1"]
[EndTime "12:40:10 PDT"]
[Termination "Hikaru won on time"]

1. Nf3 d5 2. b3 Bg4 3. Bb2 Nd7 4. e3 e6 5. h3 Bh5 6. d3 c6 7. Nbd2 Qc7 8. g4 Bg6 9. Nh4 O-O-O 10. a3 e5 11. Bg2 Ngf6 12. Qe2 Bd6 13. O-O-O Nc5 14. Kb1 Rhe8 15. g5 Nfd7 16. Nxg6 hxg6 17. h4 Kb8 18. c4 d4 19. b4 Na4 20. c5 Bxc5 21. bxc5 Ndxc5 22. Ne4 Qb6 23. Ka1 Nb3+ 24. Ka2 Rd5 25. Rb1 Rb5 26. Nd6 Rc5 27. Nc4 Qb5 28. Qc2 1-0

[Event "*** Titled Tuesday Blitz"]
[Site "Chess.com"]
[Date "2020.05.19"]
[Round "4"]
[White "marszach123"]
[Black "sergeikim"]
[Result "1-0"]
[WhiteElo "2202"]
[BlackElo "2390"]
[TimeControl "180+1"]
[EndTime "12:40:10 PDT"]
[Termination "marszach123 won by resignation"]

1. e4 e5 2. Nf3 Nc6 3. Bb5 a6 4. Ba4 Nf6 5. O-O b5 6. Bb3 Bc5 7. c3 d6 8. d4 Bb6 9. Be3 Bg4 10. d5 Ne7 11. Bxb6 cxb6 12. Nbd2 O-O 13. h3 Bxf3 14. Qxf3 Nd7 15. a4 bxa4 16. Bxa4 b5 17. Bc2 Nc5 18. Ra2 a5 19. Rfa1 a4 20. b3 Qd7 21. bxa4 bxa4 22. Nc4 Rfb8 23. Qd1 Ng6 24. Bxa4 Nxa4 25. Rxa4 Rxa4 26. Qxa4 Qc7 27. Qc6 Qd8 28. Qxd6 Qe8 29.
Ra7 Nf4 30. Qxe5 Ne2+ 31. Kh2 Qxe5+ 32. Nxe5 Nxc3 33. f3 Nb5 34. Rxf7 Re8 35. Rb7 Nd6 36. Rd7 Nc8 37. Nc6 g5 38. Rd8 Rxd8 39. Nxd8 Kf8 40.
Kg3 Ke7 41. Ne6 Kf6 42. Kg4 Nd6 43. Nxg5 h6 44. Ne6 Nc4 45. f4 Ne3+ 46. Kf3 Nc4 47. e5+ Kf5 48. g4+ Kg6 49. f5+ Kf7 50.
Kf4 Nb2 51. d6 Nd3+ 52. Ke4 Nf2+ 53. Kd5 Nxh3 54. d7 1-0

[Event "*** Titled Tuesday Blitz"]
[Site "Chess.com"]
[Date "2020.05.19"]
[Round "4"]
[White "AuggieWren"]
[Black "vanyakuba"]
[Result "0-1"]
[WhiteElo "2279"]
[BlackElo "2455"]
[TimeControl "180+1"]
[EndTime "12:40:11 PDT"]
[Termination "vanyakuba won by resignation"]

1. Nf3 d5 2. d4 c5 3. c4 e6 4.
cxd5 exd5 5. Nc3 Nc6 6. dxc5 d4 7. Na4 Bxc5 8. Nxc5 Qa5+ 9. Bd2 Qxc5 10. Rc1 Qd6 11. e3 Bg4 12. Bc4 Nf6 13. O-O O-O 14. h3 Bh5 15.
Be2 d3 16. Bc3 Rad8 17. Bxf6 gxf6 18. Re1 dxe2 19. Qxe2 Qd3 20. g4 Qxe2 21. Rxe2 Bg6 22. Nh4 Bd3 23. Rd2 Ba6 24. Rcd1 Rxd2 25. Rxd2 Rd8 26.
Rc2 Bd3 27. Rc3 Be4 28. f3 Rd1+ 29. Kf2 Bd5 30. Rc2 Bxa2 31. e4 Bb3 32. Rc3 Be6 33. b4 Rb1 34. Rd3 Rxb4 35. f4 Rd4 36. Rc3 a5 0-1

[Event "*** Titled Tuesday Blitz"]
[Site "Chess.com"]
[Date "2020.05.19"]
[Round "4"]
[White "TurboSteen"]
[Black "Kostya26"]
[Result "1/2-1/2"]
[WhiteElo "1996"]
[BlackElo "2359"]
[TimeControl "180+1"]
[EndTime "12:40:11 PDT"]
[Termination "Game drawn by agreement"]

1. e4 c5 2. Nc3 Nc6 3. Bb5 Nd4 4. Nf3 Nxb5 5. Nxb5 a6 6. Nc3 d6 7. d4 cxd4 8. Qxd4 Nf6 9. Bg5 e6 10. O-O-O Be7 11.
Rhe1 Qc7 12. Bxf6 gxf6 13. Nh4 Qc5 14. Qd2 Qg5 15. Nf3 Qxd2+ 16. Nxd2 Bd7 17. Nc4 Bc6 18. Nxd6+ Bxd6 19. Rxd6 Ke7 20. Red1 h5 21. g3 h4 22. f3 hxg3 23. hxg3 Rh3 24. Ne2 Rh2 25. R6d2 Rg8 26. g4 f5 27. gxf5 exf5 28. Nd4 Rxd2 29. Nxf5+ Kf6 30. Rxd2 Ke5 31. Ne7 1/2-1/2

[Event "*** Titled Tuesday Blitz"]
[Site "Chess.com"]
[Date "2020.05.19"]
[Round "4"]
[White "otrov-11"]
[Black "Juanovic"]
[Result "1-0"]
[WhiteElo "2397"]
[BlackElo "2156"]
[TimeControl "180+1"]
[EndTime "12:40:11 PDT"]
[Termination "otrov-11 won by resignation"]

1. d4 Nf6 2. c4 e6 3. Nf3 b6 4. g3 Bb7 5. Bg2 Bb4+ 6. Bd2 Be7 7. O-O Ne4 8. Be1 O-O 9. Nfd2 d5 10. Nxe4 dxe4 11. Nc3 f5 12. d5 exd5 13. Nxd5 Bd6 14. Bc3 Nd7 15. f3 c6 16. Nf4 Bc5+ 17. Kh1 Qe7 18. fxe4 fxe4 19. Nh5 Rxf1+ 20. Qxf1 Rf8 21. Qd1 g6 22. Nf4 Be3 23. Bh3 Nf6 24. Be6+ Kg7 25. Qd7 Qxd7 26. Bxd7 Bxf4 27. gxf4 Rd8 28. Bh3 c5 29.
Bg2 Kf7 30. h3 Nh5 31. Kh2 Ke6 32. Rf1 Bc6 33. h4 Kf7 34. f5 gxf5 35. Rxf5+ Ke6 36.
Rxh5 Rd7 1-0

[Event "*** Titled Tuesday Blitz"]
[Site "Chess.com"]
[Date "2020.05.19"]
[Round "4"]
[White "garfield_pg"]
[Black "PavelChernomordik"]
[Result "0-1"]
[WhiteElo "2152"]
[BlackElo "2391"]
[TimeControl "180+1"]
[EndTime "12:40:12 PDT"]
[Termination "PavelChernomordik won by resignation"]

1. e4 g6 2. d4 Bg7 3. Nc3 d6 4.
Bg5 h6 5. Bh4 c5 6. dxc5 Qa5 7.
Qd2 Qxc5 8. Bd3 a6 9. Nge2 b5 10. a3 Bb7 11. O-O Nd7 12. Kh1 Ngf6 13. f3 Qc7 14. Bg3 O-O 15. Rad1 Kh7 16. Nf4 Nb6 17.
Rfe1 e5 18. Nfd5 Nfxd5 19. Nxd5 Nxd5 20. exd5 f5 21. c3 Bf6 22. Bb1 Qf7 23. Ba2 Rac8 24. Bf2 Rfe8 25. Qe3 Rc5 26. Qe2 Rc7 27. Bb6 Rce7 28.
a4 bxa4 29. Qc4 e4 30. fxe4 Rxe4 31. Rxe4 Rxe4 32. Qc7 Qxc7 33. Bxc7 Be5 34. Kg1 Re2 35. Rb1 a3 36. Bc4 Rxb2 37. Rxb2 axb2 38. Ba2 Bxd5 0-1

[Event "*** Titled Tuesday Blitz"]
[Site "Chess.com"]
[Date "2020.05.19"]
[Round "4"]
[White "MaxLeto"]
[Black "TST2014"]
[Result "0-1"]
[WhiteElo "2335"]
[BlackElo "2567"]
[TimeControl "180+1"]
[EndTime "12:40:14 PDT"]
[Termination "TST2014 won on time"]

1. g4 d5 2. Bg2 c6 3. g5 e5 4. d4 e4 5. c4 Bd6 6. Nc3 Ne7 7.
h4 O-O 8. Nh3 f5 9. c5 Bc7 10. Bf4 Ng6 11. Bxc7 Qxc7 12. h5 Nh4 13. Bf1 f4 14. Qd2 b6 15. O-O-O Na6 16. Na4 bxc5 17. dxc5 Rb8 18. a3 Qe7 19. Qc3 Bxh3 20. Bxh3 Qxg5 21. h6 Qxh6 22. Rdg1 Qf6 23. Be6+ Kh8 24.
Rxh4 d4 25. Qh3 h6 26. Qg4 d3 27. exd3 Nxc5 28. d4 Qxd4 29. Rxh6+ gxh6 0-1

[Event "*** Titled Tuesday Blitz"]
[Site "Chess.com"]
[Date "2020.05.19"]
[Round "4"]
[White "Mbneu"]
[Black "oykuince"]
[Result "1-0"]
[WhiteElo "2235"]
[BlackElo "1981"]
[TimeControl "180+1"]
[EndTime "12:40:14 PDT"]
[Termination "Mbneu won by resignation"]

1. d4 Nf6 2. c4 e6 3. Nc3 Bb4 4. Bg5 h6 5. Bh4 b6 6. e3 Bb7 7. Nf3 d6 8. Bd3 Nbd7 9. O-O O-O 10. Rc1 e5 11. Ne4 g5 12. Nfxg5 hxg5 13. Bxg5 d5 14. Nxf6+ Nxf6 15. dxe5 dxc4 16. Rxc4 Qd5 17. e4 Qxe5 18. Bxf6 Qxf6 19. Rxb4 a5 20. Rb3 Rfd8 21. Qh5 a4 22.
Rc3 Ra5 23. e5 Rxe5 24. Qh7+ Kf8 25. Bc2 Rg5 26. Rg3 Rg6 27. Bxg6 fxg6 28. Rxg6 Qf7 29. Qh6+ Ke7 30. Rg7 Rg8 31. Rxf7+ Kxf7 32. Qh5+ Rg6 33. Rd1 Bxg2 34. Rd7+ Kf6 35. Qxg6+ Kxg6 36. Kxg2 c5 37. Rb7 b5 38. Rxb5 c4 39. Rc5 a3 40. Rxc4 axb2 41.
Rb4 b1=Q 42. Rxb1 Kf6 43. a4 Ke6 44. a5 Kd5 45. a6 Kd4 46. a7 Kd3 47. a8=Q Kd2 48. Qa2+ Kc3 49. Rb3+ Kd4 50. Qa4+ Ke5 51. Rb5+ Kd6 52. Qa6+ Kd7 53. Rb7+ 1-0

[Event "*** Titled Tuesday Blitz"]
[Site "Chess.com"]
[Date "2020.05.19"]
[Round "4"]
[White "ajdemipopushi"]
[Black "MomchilPetkov"]
[Result "0-1"]
[WhiteElo "2293"]
[BlackElo "2566"]
[TimeControl "180+1"]
[EndTime "12:40:15 PDT"]
[Termination "MomchilPetkov won by checkmate"]

1. Nf3 Nf6 2. g3 d5 3. c4 c6 4. Bg2 Bf5 5. cxd5 cxd5 6. Qb3 Nc6 7. Nc3 e5 8. Qxb7 Bd7 9. Nxe5 Nxe5 10. Nxd5 Nxd5 11.
Qxd5 Nc6 12. O-O Be7 13. d3 O-O 14. Be3 Rc8 15. Rac1 Nb4 16. Rxc8 Qxc8 17. Qa5 Nc6 18. Bxc6 Bxc6 19. Rc1 Qd7 20. Qxa7 Qd5 21. f3 Bf6 22. Qc5 Qe6 23. Rc2 h5 24. Kf2 Re8 25. Qxc6 Qxe3+ 26. Kf1 Bd4 27. Kg2 Qg1+ 28. Kh3 Qf1+ 29. Kh4 Bf6+ 30. Kxh5 Qh3# 0-1

[Event "*** Titled Tuesday Blitz"]
[Site "Chess.com"]
[Date "2020.05.19"]
[Round "4"]
[White "tufferguy"]
[Black "JuliaEfremova"]
[Result "0-1"]
[WhiteElo "2360"]
[BlackElo "2106"]
[TimeControl "180+1"]
[EndTime "12:40:15 PDT"]
[Termination "JuliaEfremova won on time"]

1. e4 d5 2. exd5 Qxd5 3. Nc3 Qa5 4. d4 Nf6 5. Nf3 Bg4 6. Bd2 Qf5 7. Be2 Nc6 8. Bd3 Bxf3 9. Bxf5 Bxd1 10. Rxd1 Nxd4 11. Bd3 O-O-O 12. Be3 e6 13. Bxd4 Rxd4 14. Nb5 Rg4 15. Nxa7+ Kb8 16. Nb5 Bc5 17. O-O Nd5 18. c4 Nf4 19. g3 h5 20. Kh1 Nxd3 21. Rxd3 Rxc4 22. Rd7 h4 23. Rxf7 hxg3 24. fxg3 Rc2 25. h4 Rxb2 26.
Nxc7 Bd6 27. Nxe6 Bxg3 28. Rf8+ Rxf8 29. Rxf8+ Ka7 30. h5 Be5 31. Rf5 Bc3 32. a4 Re2 33.
Nc5 Re5 34. Rxe5 Bxe5 35. Nb3 Kb6 36. Kg2 Kc6 37. Kf3 Kd5 38. Kg4 b6 39. Kg5 Kc4 40.
Nd2+ Kb4 41. Nf3 Bc3 42. Nh4 Kxa4 43. Nf5 b5 44. Ne3 Bd2 0-1

[Event "*** Titled Tuesday Blitz"]
[Site "Chess.com"]
[Date "2020.05.19"]
[Round "4"]
[White "BakaPG"]
[Black "penguingm1"]
[Result "0-1"]
[WhiteElo "2609"]
[BlackElo "2882"]
[TimeControl "180+1"]
[EndTime "12:40:16 PDT"]
[Termination "penguingm1 won by resignation"]

1. e4 e5 2. Nf3 Nc6 3. Bb5 g6 4. O-O Bg7 5. c3 a6 6. Ba4 b5 7. Bb3 Na5 8. Bc2 Ne7 9. d4 exd4 10. cxd4 O-O 11. Nbd2 d6 12. h3 c5 13. Nb3 Nxb3 14. axb3 cxd4 15. Nxd4 Bb7 16. b4 d5 17. Nb3 dxe4 18. Nc5 Bc6 19. Rxa6 Rxa6 20. Nxa6 Qa8 21. Nc5 e3 22. fxe3 Bxg2 23. Rf2 Bxh3 24. Bb3 Nc6 25. Bd2 Ne5 26. e4 Rd8 27. Qe2 Qa1+ 28. Be1 Bg4 29.
Qf1 Nf3+ 30. Rxf3 Bxf3 31. Bxf7+ Kh8 32. Bd5 Bd4+ 33. Bf2 Qxb2 34. Nd3 Bxf2+ 35. Nxf2 Rc8 36. Kh2 Rc1 0-1

[Event "*** Titled Tuesday Blitz"]
[Site "Chess.com"]
[Date "2020.05.19"]
[Round "4"]
[White "Dynamikus"]
[Black "LiverpooL174"]
[Result "0-1"]
[WhiteElo "2725"]
[BlackElo "2530"]
[TimeControl "180+1"]
[EndTime "12:40:16 PDT"]
[Termination "LiverpooL174 won by resignation"]

1. e4 c6 2. d4 d5 3. Nd2 dxe4 4. Nxe4 Bf5 5. Ng3 Bg6 6. Nf3 Nf6 7. Bc4 e6 8. O-O Bd6 9. Re1 O-O 10. Ne5 Nbd7 11. Nxg6 hxg6 12. Bb3 Qc7 13. c3 Rfe8 14. Bg5 a5 15. a4 Nd5 16. Ne4 Bxh2+ 17. Kh1 Bf4 18. g3 Bxg5 19. Nxg5 N7f6 20. Kg2 c5 21. Rh1 Rad8 22. Rh4 cxd4 23. cxd4 e5 24. Qf3 e4 25.
Nxe4 Nxe4 26. Rxe4 Rxe4 27. Qxe4 Nf6 28. Qxg6 Rxd4 29.
Re1 Rb4 30. Qd3 Qd7 31. Qe3 g6 32. Re2 Kg7 33. Qf3 Qc6 34. Qxc6 bxc6 35. Ba2 Rxa4 36. Bb1 Rb4 37. Bd3 a4 38. Rc2 Nd7 39. f4 c5 40.
Kf2 Kf6 41. Ke3 g5 42. fxg5+ Kxg5 43. Rf2 f6 44. Be4 Rb3+ 45. Kd2 Rxb2+ 46. Bc2 a3 47. Kc3 Kg4 48. Bf5+ Kxg3 49. Rxb2 axb2 50. Kxb2 Ne5 51. Kc3 Kf4 52. Be6 f5 53. Bd5 Ke3 54. Kc2 f4 55. Kc3 f3 56. Bxf3 Kxf3 57. Kd2 Ke4 58. Kc3 Kd5 0-1

[Event "*** Titled Tuesday Blitz"]
[Site "Chess.com"]
[Date "2020.05.19"]
[Round "4"]
[White "1f3_2g41-0"]
[Black "Vlad_Lukiianchuk"]
[Result "0-1"]
[WhiteElo "2302"]
[BlackElo "2513"]
[TimeControl "180+1"]
[EndTime "12:40:16 PDT"]
[Termination "Vlad_Lukiianchuk won by resignation"]

1. e4 e5 2. Nf3 Nc6 3. Bb5 a6 4. Ba4 Nf6 5. O-O b5 6. Bb3 d6 7.
c3 Be7 8. d4 exd4 9. cxd4 Bg4 10. Be3 Na5 11. e5 Nxb3 12. exf6 Nxa1 13. fxe7 Qxe7 14. Nbd2 O-O 15. Qxa1 f5 16. Bg5 Qd7 17. Qc1 h6 18. Bf4 g5 19. Bxg5 hxg5 20. Nxg5 f4 21. Nde4 Rae8 22. d5 Re5 23. f3 Bh5 24. h3 Rxd5 25.
Qe1 Bg6 26. Qh4 Qe7 27. Nf2 Qxg5 0-1

[Event "*** Titled Tuesday Blitz"]
[Site "Chess.com"]
[Date "2020.05.19"]
[Round "4"]
[White "Abdodi"]
[Black "SlavenPastar"]
[Result "0-1"]
[WhiteElo "2150"]
[BlackElo "2388"]
[TimeControl "180+1"]
[EndTime "12:40:16 PDT"]
[Termination "SlavenPastar won by resignation"]

1. e4 e5 2. Nf3 Nc6 3. Bb5 Nf6 4. d3 Bc5 5. c3 d6 6. O-O O-O 7. d4 exd4 8. cxd4 Bb6 9. Bg5 h6 10. Bh4 Bg4 11. Bxc6 bxc6 12. Qd3 Re8 13. Nbd2 g5 14. Bg3 Bxf3 15. gxf3 Nh5 16. Kh1 Qf6 17. Rae1 Bxd4 18. b3 d5 19. Bxc7 Be5 20. Bxe5 Rxe5 21. Qc3 Rae8 22.
Re3 c5 23. Qxc5 dxe4 24. Nxe4 Rxc5 25. Nxf6+ Nxf6 26. Rd1 Rxe3 27. fxe3 Rc2 28. Rd6 Kg7 29. Ra6 Nd7 30. Rxa7 Ne5 31. f4 Nf3 0-1

[Event "*** Titled Tuesday Blitz"]
[Site "Chess.com"]
[Date "2020.05.19"]
[Round "4"]
[White "12teen"]
[Black "THE_PLAYER6"]
[Result "1-0"]
[WhiteElo "2741"]
[BlackElo "2502"]
[TimeControl "180+1"]
[EndTime "12:40:17 PDT"]
[Termination "12teen won by checkmate"]

1. e4 c5 2. Nc3 Nc6 3. g3 g6 4. Bg2 Bg7 5. f4 e6 6. d3 Nge7 7. Nf3 d6 8. h4 h5 9. Ng5 Nd4 10. Ne2 Rb8 11. c3 Nxe2 12. Qxe2 b5 13. O-O b4 14. c4 O-O 15. g4 hxg4 16. Qxg4 e5 17.
f5 Qd7 18. Qf3 Bh6 19. Bh3 Bxg5 20. hxg5 Nc6 21. Be3 Nd4 22. Bxd4 cxd4 23. Bg2 Rd8 24. f6 Qg4 25. Qxg4 Bxg4 26. Kf2 Kf8 27. Rh1 Ke8 28.
Rh7 Be6 29. Rah1 Kd7 30. Bh3 Rf8 31. Rg7 Rb7 32. Kg3 a5 33. Bg2 a4 34. Rhh7 Kc6 35. Bf3 Rd7 36. Bd1 Ra8 37. Rh6 Raa7 38. Rh8 a3 39. b3 Rdc7 40. Bg4 Bxg4 41. Kxg4 Kc5 42. Rd8 Rd7 43. Re8 Rac7 44. Reg8 Rb7 45. Rxg6 fxg6 46. Rxg6 Kc6 47. Kf5 Rf7 48. Rg8 Rbd7 49.
g6 d5 50. cxd5+ Kd6 51. gxf7 Rxf7 52. Rd8+ Kc5 53. Rc8+ Kd6 54. Kg6 Rd7 55. Rc6# 1-0

[Event "*** Titled Tuesday Blitz"]
[Site "Chess.com"]
[Date "2020.05.19"]
[Round "4"]
[White "mirandamikadze"]
[Black "The_Machine04"]
[Result "1-0"]
[WhiteElo "1997"]
[BlackElo "2276"]
[TimeControl "180+1"]
[EndTime "12:40:17 PDT"]
[Termination "mirandamikadze won by resignation"]

1. e4 d6 2. d3 Nf6 3. f4 e5 4. Nf3 Nc6 5. Be2 Be7 6. O-O O-O 7. c4 a6 8. Nc3 Nd4 9. Nxd4 exd4 10. Nd5 Nxd5 11. cxd5 c6 12. dxc6 bxc6 13. f5 Bf6 14. Bf4 Be5 15. Bxe5 dxe5 16. Rc1 Bd7 17. f6 g6 18. Qd2 Kh8 19. Qh6 Rg8 20. Rf3 Qf8 21. Qd2 Rb8 22. b3 Qb4 23. Qxb4 Rxb4 24. Rc5 Rb5 25. Rc2 c5 26. Rf1 Rc8 27. g4 h6 28.
h4 g5 29. hxg5 hxg5 30. Kg2 Kh7 31. Kg3 Kg6 32. Bd1 Rc6 33. Rh2 Rbb6 34. Rfh1 Rxf6 35.
Rh7 Rf3+ 36. Bxf3 Kf6 37. R1h6+ Ke7 38. Rxb6 1-0

[Event "*** Titled Tuesday Blitz"]
[Site "Chess.com"]
[Date "2020.05.19"]
[Round "4"]
[White "GMBenjaminFinegold"]
[Black "Msb2"]
[Result "1-0"]
[WhiteElo "2549"]
[BlackElo "2887"]
[TimeControl "180+1"]
[EndTime "12:40:18 PDT"]
[Termination "GMBenjaminFinegold won on time"]

1. d4 d5 2. c4 c6 3. Nf3 Nf6 4. Nc3 dxc4 5. e4 b5 6. e5 Nd5 7.
a4 e6 8. Ng5 Be7 9. h4 h6 10.
Nge4 b4 11. Nb1 Ba6 12. Qg4 Rh7 13. Rh3 Qa5 14. Nbd2 b3 15. Be2 Nd7 16. Kf1 N7b6 17.
Nd6+ Bxd6 18. exd6 O-O-O 19. Ne4 c3 20. bxc3 Bc4 21.
Nc5 Rxd6 22. Bxc4 Nxc4 23. Qe2 Ndb6 24. Bf4 Rd8 25. Qe4 Nd5 26. Qxh7 Nxf4 27. Rf3 b2 28. Rd1 Ng6 29. Rxf7 Nd2+ 30. Kg1 Nf8 31. Qxg7 b1=Q 32.
Rxb1 Nxb1 33. Rxf8 1-0

[Event "*** Titled Tuesday Blitz"]
[Site "Chess.com"]
[Date "2020.05.19"]
[Round "4"]
[White "RaunakSadhwani2005"]
[Black "Alomaterapia"]
[Result "1-0"]
[WhiteElo "2809"]
[BlackElo "2513"]
[TimeControl "180+1"]
[EndTime "12:40:18 PDT"]
[Termination "RaunakSadhwani2005 won by checkmate"]

1. e4 c6 2. Nc3 d5 3. Nf3 Nf6 4. e5 Ne4 5. Ne2 Qb6 6. d4 e6 7. Ng3 c5 8. Bd3 Nxg3 9. fxg3 cxd4 10. O-O h6 11. g4 Be7 12. a3 Bd7 13. Qe2 a6 14. b4 Bb5 15. Bb2 Nc6 16. Qf2 Bxd3 17. cxd3 O-O 18. Bxd4 Qb5 19. Qe3 Qa4 20. Bc5 Bxc5 21.
Qxc5 d4 22. g5 h5 23. g6 fxg6 24. Ng5 Qb3 25. Qd6 Qd5 26. Qxd5 exd5 27. e6 Rf5 28. h4 Kf8 29. Rxf5+ gxf5 30. Kf2 Ke7 31. Kg3 Na7 32.
Kf4 g6 33. Rc1 Nc6 34. Rc5 Rd8 35. b5 axb5 36. Rxb5 Ra8 37. Rxb7+ Ke8 38. Rc7 Nd8 39. Ke5 Rxa3 40. Kf6 Rc3 41. Re7+ Kf8 42. Nh7+ Kg8 43.
Kxg6 Nxe6 44. Re8+ Nf8+ 45. Rxf8# 1-0

[Event "*** Titled Tuesday Blitz"]
[Site "Chess.com"]
[Date "2020.05.19"]
[Round "4"]
[White "Chepaschess"]
[Black "AminMolaei"]
[Result "0-1"]
[WhiteElo "2809"]
[BlackElo "2631"]
[TimeControl "180+1"]
[EndTime "12:40:19 PDT"]
[Termination "AminMolaei won by resignation"]

1. Nf3 c5 2. c4 g6 3. d4 cxd4 4. Nxd4 Nc6 5. e4 Nf6 6. Nc3 d6 7. f3 Nxd4 8. Qxd4 Bg7 9. Be3 O-O 10. Qd2 Be6 11. Be2 Qa5 12. Rc1 Rfc8 13. b3 a6 14. Nd5 Qxd2+ 15. Kxd2 Bxd5 16. exd5 b5 17. b4 a5 18. cxb5 Nxd5 19. bxa5 Bc3+ 20. Rxc3 Rxc3 21. Bd4 Ra3 22. Bc4 Ra4 23. Rc1 R8xa5 24. Bg1 e6 25.
Bb3 Rb4 26. Rc8+ Kg7 27. Bxd5 exd5 28. b6 Rxa2+ 29. Kc3 Rab2 30. Bd4+ Kh6 31. Kd3 Rxg2 32. Rc6 Rxh2 33. Rxd6 Rb3+ 34. Bc3 Ra2 35. Kd4 Ra4+ 36. Kd3 Rc4 0-1

[Event "*** Titled Tuesday Blitz"]
[Site "Chess.com"]
[Date "2020.05.19"]
[Round "4"]
[White "korbul"]
[Black "Khamrakulov_Djurabek"]
[Result "0-1"]
[WhiteElo "2452"]
[BlackElo "2795"]
[TimeControl "180+1"]
[EndTime "12:40:19 PDT"]
[Termination "Khamrakulov_Djurabek won by resignation"]

1. d4 Nf6 2. c4 e6 3. Nf3 c5 4. d5 b5 5. Bg5 b4 6. e4 d6 7. Nbd2 Be7 8. Bf4 O-O 9. Bd3 a5 10. h3 Re8 11. O-O Nh5 12. Bh2 Nf6 13. Bc2 Bd7 14. Ba4 Bxa4 15. Qxa4 Qd7 16. Qc2 exd5 17. exd5 a4 18. Rae1 Na6 19. Qd3 Bf8 20. g4 g6 21.
Bf4 Bg7 22. Kg2 Nc7 23. Qc2 Rxe1 24. Rxe1 Re8 25. Rxe8+ Ncxe8 26. Ng5 Nxg4 27. hxg4 Qxg4+ 28. Bg3 Qxg5 29. Ne4 Qf5 30. f3 Nf6 31. Bxd6 Nxe4 32. Qxe4 Qxe4 33. fxe4 Bxb2 34. Bxc5 Bc3 35. d6 b3 36.
axb3 axb3 37. d7 Ba5 38. Bd4 Kf8 39. c5 Ke7 40. c6 Kd6 41. Kf3 Kxc6 42. Kf4 Kxd7 43.
Kg5 h5 44. Kf6 Ke8 45. Kg5 Bd2+ 46. Kf6 Bc1 0-1